 Dungeon Crawl Stone Soup version 0.23-a0-315-ga85b81c (webtiles) character file.

2163 Garbasso the Cudgeler (level 9, -1/56 HPs)
             Began as a Gargoyle Fighter on Oct 13, 2018.
             Was a Believer of Cheibriados.
             Slain by an orc warrior
             ... wielding a +0 glaive
              (7 damage)
             ... on level 6 of the Dungeon.
             The game lasted 00:19:01 (6566 turns).

Garbasso the Cudgeler (Gargoyle Fighter)            Turns: 6566, Time: 00:19:02

Health: -1/56      AC: 16    Str: 26    XL:     9   Next: 32%
Magic:  9/9        EV:  8    Int: 18    God:    Cheibriados [**....]
Gold:   391        SH:  0    Dex: 15    Spells: 8/8 levels left

rFire    . . .     SeeInvis .   a - +0 whip (elec)
rCold    . . .     Gourm    .   c - +0 shield
rNeg     + + .     Faith    .   u - +0 scale mail
rPois    ∞         Spirit   .   x - +0 helmet
rElec    +         Reflect  .   (no cloak)
rCorr    .         Harm     .   k - +0 pair of gloves
MR       .....                  (no boots)
Stlth    ..........             (no amulet)
HPRegen  0.18/turn              d - ring of positive energy
MPRegen  0.11/turn              (no ring)

@: confused, very slow
A: negative energy resistance 1, electricity resistance, unbreathing,
petrification resistance, rot immunity, AC +6
a: Bend Time, Renounce Religion


You were on level 6 of the Dungeon.
You worshipped Cheibriados.
Cheibriados was pleased with you.
You were not hungry.

You visited 2 branches of the dungeon, and saw 7 of its levels.

You collected 431 gold pieces.
You spent 40 gold pieces at shops.

Inventory:

Hand Weapons
 a - a +0 whip of electrocution (weapon)
 b - a +0 hunting sling
Missiles
 l - 53 sling bullets
 n - 92 stones (quivered)
 w - a throwing net
Armour
 c - a +0 shield (worn)
 k - a +0 pair of gloves (worn)
 u - a +0 scale mail (worn)
 x - a +0 helmet (worn)
Magical Staves
 m - an uncursed staff of fire
 y - an uncursed staff of conjuration
Jewellery
 d - a ring of positive energy (left hand)
Wands
 v - a wand of polymorph (7)
Scrolls
 e - 4 scrolls of magic mapping
 h - 2 scrolls of remove curse
 i - 6 scrolls of identify
 q - 2 scrolls of teleportation
 t - a scroll of fear
Potions
 j - 2 potions of brilliance
 o - a potion of mutation
 p - a potion of agility
 r - 2 potions of heal wounds
 s - a potion of cancellation
 A - a potion of might
Comestibles
 f - 15 rations


   Skills:
 + Level 6.7 Fighting
 * Level 7.9 Maces & Flails
 + Level 6.7 Armour
 + Level 6.8 Shields


You had 8 spell levels left.
You didn't know any spells.
Your spell library was empty.

Dungeon Overview and Level Annotations

Branches:
Dungeon (6/15)             Temple (1/1) D:4

Altars:
Ashenzari
Cheibriados
Dithmenos
Fedhas
Hepliaklqana
Kikubaaqudgha
Makhleb
Nemelex Xobeh
Okawaru
Qazlal
Ru
Trog
Uskayaw
Vehumet
Wu Jian
Xom
Zin

Shops:
D:6 !


Innate Abilities, Weirdness & Mutations

You are resistant to torment.
Your stone body is resilient. (AC +6)
You are immune to poison.
You resist negative energy. (rN+)
You are resistant to electric shocks. (rElec)
You can survive without breathing.
You are immune to petrification.
You are immune to rotting.


Message History

Items here: $ ) [ † a short sword; a scale mail; 12 gold pieces; an orc corpse You hit the orc priest.
Lightning courses through the orc priest!
You kill the orc priest!
Cheibriados appreciates the change of pace.
The orc warrior hits you with a glaive!
The orc priest invokes the aid of Beogh against you.
Beogh smites you!
The orc warrior hits you from afar with a glaive!
You bump into the rock wall.
The orc warrior hits you from afar with a glaive!
* * * LOW HITPOINT WARNING * * *
You bump into the rock wall.
The orc warrior jeers repeatedly.
The orc warrior hits you from afar with a glaive!
* * * LOW HITPOINT WARNING * * *
You bump into the rock wall.
The orc warrior hits you from afar with a glaive!
You die...

#......)..#..# #.# #.####### #.#
#........##..# #.###.......# #.#
#........(#..##.#..........<###.#
#...(.....(...).###########......
#.........#..#### #......
#.>......##.(#### #......
#.#.....##...Jo)# #......
#.##....###..##)## #......
#.###∩.......#..@# #.#####
#.#####.######.#.# #.#
#.............<#.#### #.#
#######.###....#....#######)#
#........###..........#
#####....#.....######## #
###..#.......# #
#..#.......##########
#...[......##........


You could see an orc warrior and a jelly.

Vanquished Creatures
  Pikel (D:5)
  Sigmund (D:3)
  An ice beast (D:5)
  2 phantoms
  2 ogres
  A centaur (D:5)
  2 bullfrogs (D:6)
  A scorpion (D:4)
  4 jellies
  A howler monkey (D:6)
  2 crimson imps
  A bullfrog zombie (D:6)
  A quasit (D:5)
  2 orc priests
  An orc wizard (D:5)
  2 bullfrog skeletons
  3 hounds
  An iguana (D:4)
  3 worker ants
  9 adders
  A gnoll (D:5)
  2 shadow imps (D:6)
  An ooze (D:2)
  6 adder skeletons
  4 worms
  A leopard gecko (D:6)
  12 orcs
  A ball python (D:2)
  5 giant cockroaches
  7 goblins
  13 hobgoblins
  11 jackals
  10 kobolds
  5 quokkas
  7 bats
  3 frilled lizards
  10 rats
140 creatures vanquished.

Vanquished Creatures (others)
  2 slaves (D:5)
  A jelly (D:5)
  A crimson imp (D:5)
  2 gnolls (D:5)
  2 kobolds (D:5)
  4 toadstools (D:3)
12 creatures vanquished.

Grand Total: 152 creatures vanquished

Notes
Turn   | Place    | Note
-------+----------+-------------------------------------------
     0 | D:1      | Garbasso the Gargoyle Fighter began the quest for the Orb.
     0 | D:1      | Reached XP level 1. HP: 14/14 MP: 1/1
   177 | D:1      | Reached XP level 2. HP: 19/19 MP: 2/2
   753 | D:1      | Found an ancient bone altar of Kikubaaqudgha.
   936 | D:2      | Reached XP level 3. HP: 20/23 MP: 3/3
  1333 | D:2      | Reached skill level 3 in Maces & Flails
  1361 | D:2      | Reached XP level 4. HP: 12/29 MP: 4/4
  1841 | D:2      | Found an iron altar of Okawaru.
  1978 | D:2      | You fall through a shaft!
  2063 | D:3      | Noticed Sigmund
  2457 | D:3      | Killed Sigmund
  2457 | D:3      | Reached skill level 4 in Maces & Flails
  2457 | D:3      | Reached XP level 5. HP: 34/34 MP: 5/5
  2457 | D:3      | Reached XP level 6. HP: 39/39 MP: 6/6
  2620 | D:3      | Found a burning altar of Makhleb.
  2621 | D:3      | Found a shimmering altar of Xom.
  2673 | D:3      | Found an ornate altar of the Wu Jian Council.
  2907 | D:4      | Noticed a phantom
  2949 | D:4      | Killed a phantom
  3030 | D:4      | Reached XP level 7. HP: 44/44 MP: 7/7
  3377 | D:4      | Reached skill level 5 in Maces & Flails
  3473 | D:4      | Reached skill level 5 in Armour
  3776 | D:4      | Found a staircase to the Ecumenical Temple.
  3782 | Temple   | Entered the Ecumenical Temple
  3794 | Temple   | Became a worshipper of Cheibriados the Contemplative
  3893 | D:4      | Reached skill level 5 in Fighting
  3893 | D:4      | Reached skill level 5 in Shields
  4191 | D:5      | Entered Level 5 of the Dungeon
  4641 | D:5      | Reached * piety under Cheibriados
  4733 | D:5      | Noticed Pikel
  4760 | D:5      | Found a bloodstained altar of Trog.
  4779 | D:5      | Killed Pikel
  4779 | D:5      | Reached skill level 6 in Maces & Flails
  4779 | D:5      | Reached XP level 8. HP: 21/51 MP: 8/8
  5553 | D:5      | Reached ** piety under Cheibriados
  5553 | D:5      | Reached skill level 7 in Maces & Flails
  5806 | D:6      | Reached XP level 9. HP: 56/56 MP: 9/9
  5830 | D:6      | Found a shadowy altar of Dithmenos.
  6228 | D:6      | Found Liskaill's Distillery.
  6243 | D:6      | Bought a potion of might for 40 gold pieces
  6566 | D:6      | Slain by an orc warrior

Vault maps used:
D:1:      dpeg_arrival_water_altar, chequers_serial_rivers_small_3
D:2:      okawaru_ov_weapons_minmay
D:3:      grunt_temple_overflow_champion_of_chaos, old_standard_altar,
          minmay_gold_behind_fungi, uniq_sigmund
D:4:      temple_green, first_ration
D:5:      corexii_shantytown, lemuel_doored_altar, uniq_pikel
D:6:      serial_shops, shop, grunt_dithmenos_shadows
Temple:   eino_temple_lava

Skill      XL: |  1  2  3  4  5  6  7  8 |
---------------+-------------------------+-----
Maces & Flails | 3 4 6 7 |  7.9
Armour         | 4 5 6 |  6.7
Shields        | 4 5 6 |  6.8
Fighting       | 4 5 6 |  6.7

Action                   |  1- 3 |  4- 6 |  7- 9 || total
-------------------------+-------+-------+-------++-------
Melee: Flail             |   103 |   177 |   152 ||   432
       Unarmed           |       |       |     2 ||     2
       Whip              |       |       |   189 ||   189
 Fire: Hunting sling     |       |       |    34 ||    34
Throw: Stone             |    10 |     7 |    13 ||    30
  Use: Scroll            |       |     6 |    10 ||    16
       Potion            |       |     1 |     3 ||     4
  Eat: Chunk             |     2 |     5 |     9 ||    16
Armor: Scale mail        |    68 |    77 |   200 ||   345
Dodge: Dodged            |    45 |    48 |   109 ||   202
Block: Shield            |    72 |    87 |   191 ||   350

Table legend:
 A = Non-vault XP
 B = Vault XP
 C = Vault XP percentage of total XP
 D = Non-vault monster count
 E = Vault monster count
 F = Vault count percentage of total count
                 A         B        C        D         E       F
            +---------+---------+-------+---------+---------+-------
      Total |    2131 |     960 |  31.1 |     115 |      25 |  17.9
            +---------+---------+-------+---------+---------+-------
        D:1 |      18 |       0 |   0.0 |      11 |       0 |   0.0
        D:2 |      93 |       0 |   0.0 |      23 |       0 |   0.0
        D:3 |      69 |     258 |  78.9 |      27 |       2 |   6.9
        D:4 |     508 |       0 |   0.0 |      14 |       0 |   0.0
        D:5 |     579 |     691 |  54.4 |      16 |      22 |  57.9
        D:6 |     864 |      11 |   1.3 |      24 |       1 |   4.0
            +---------+---------+-------+---------+---------+-------
